Map: Eternal Empire LE

Players

Rex - Winner!

  • Race: Zerg Zerg
  • League: Master
  • Spawn Location: 7:00

ExpecT

  • Race: Terran Terran
  • League: Master
  • Spawn Location: 1:00

Event: DreamHack SC2 Masters 2020 Summer TwHkMoJp

VOD

Have the link to the VOD?

Description

Time

  • Played on: June 27, 2020, 8:12 a.m.
  • Length: 18:26

All games in this series

Show
View Real Time Build Order
Export as new Build Order

Rex Zerg - Winner!

Build Orders: Hatch First 

Get SALT Encoding   

  12  0:00  Drone  
  13  0:12  Overlord  
  13  0:17  Drone  
  14  0:31  Drone x2  
  16  0:48  Hatchery  
  15  0:51  Drone  
  15  0:54  Drone  
  17  0:58  Drone  
  18  1:08  Extractor  
  17  1:13  Spawning Pool  
  17  1:16  Drone  
  17  1:20  Drone  
  18  1:28  Drone  
  19  1:38  Drone  
  20  1:47  Hatchery  
  20  1:50  Drone  
  20  1:59  Queen  
  22  2:01  Zergling x2  
  22  2:04  Zergling x2  
  24  2:13  Queen  
  26  2:18  Overlord  
  26  2:22  Drone  
  27  2:24  Drone  
  28  2:44  Queen, Drone x2  
  30  2:50  Metabolic Boost  
  31  2:55  Drone  
  32  3:00  Queen  
  32  3:02  Overlord  
  32  3:04  Drone  
  35  3:06  Drone  
  35  3:09  Drone  
  35  3:10  Drone  
  35  3:12  Drone  
  39  3:20  Drone  
  39  3:24  Overlord  
  39  3:25  Drone  
  39  3:26  Drone x2  
  43  3:31  Drone  
  43  3:32  Drone x2  
  43  3:33  Drone  
  47  3:40  Queen  
  49  3:46  Zergling x6  
  52  3:51  Drone x2  
  54  3:56  Drone x2  
  56  4:04  Overlord  
  56  4:06  Overlord  
  56  4:21  Spore Crawler  
  56  4:22  Spore Crawler, Queen  
  56  4:23  Spore Crawler, Queen  
  57  4:25  Drone x4  
  57  4:27  Overlord  
  57  4:29  Queen  
  63  4:33  Zergling x4  
  63  4:34  Overlord  
  65  4:40  Spine Crawler  
  64  4:47  Zergling x2  
  64  4:48  Zergling x6  
  67  4:53  Overlord  
  67  4:54  Drone x6  
  73  5:02  Overlord  
  73  5:10  Queen  
  73  5:13  Drone x2  
  73  5:14  Drone x6  
  81  5:19  Lair, Overlord  
  81  5:21  Drone x2, Extractor  
  81  5:22  Extractor  
  81  5:23  Drone  
  81  5:24  Drone  
  81  5:26  Drone  
  85  5:31  Drone  
  85  5:33  Extractor x2  
  85  5:34  Baneling Nest  
  83  5:35  Drone  
  83  5:37  Drone x3  
  83  5:39  Drone x4  
  83  5:40  Drone x2  
  93  5:44  Drone  
  94  5:50  Drone x2  
  94  5:55  Overlord  
  96  5:59  Hatchery  
  96  6:03  Evolution Chamber  
  94  6:10  Zergling x10, Evolution Chamber  
  98  6:13  Hatchery  
  98  6:16  Zergling x12  
  102  6:22  Centrifical Hooks  
  102  6:25  Zergling x6  
  105  6:26  Overlord  
  105  6:32  Overlord x2  
  105  6:37  Overlord  
  105  6:44  Overlord x2  
  105  6:46  Zerg Ground Armor Level 1  
  105  6:47  Zerg Melee Weapons Level 1, Baneling x6  
  105  6:48  Baneling x6  
  105  6:52  Zergling x2  
  105  6:53  Zergling x8  
  110  7:00  Zergling x14  
  117  7:07  Zergling x6  
  119  7:11  Drone x3  
  119  7:13  Drone  
  119  7:14  Hydralisk Den  
  122  7:19  Zergling x6  
  125  7:23  Baneling x8  
  125  7:26  Zergling x8  
  129  7:32  Zergling x10  
  129  7:34  Zergling x2  
  135  7:41  Drone  
  135  7:42  Drone x2  
  134  7:49  Infestation Pit, Grooved Spines  
  133  7:51  Drone x7  
  140  7:59  Zergling x12  
  140  8:02  Overlord x2  
  140  8:03  Hatchery  
  144  8:09  Overlord  
  144  8:10  Baneling x2  
  144  8:13  Overlord x2  
  144  8:22  Hydralisk x6  
  153  8:28  Hydralisk x3  
  153  8:33  Hive, Drone x2  
  161  8:35  Unknown  
  160  8:42  Zerg Ground Armor Level 2, Zerg Melee Weapons Level 2  
  159  8:53  Hydralisk x7  
  168  9:00  Muscular Augments  
  165  9:06  Spine Crawler  
  165  9:07  Spore Crawler  
  165  9:09  Pneumatized Carapace  
  162  9:19  Hydralisk x5  
  169  9:30  Zergling x16, Hatchery  
  169  9:31  Zergling x8  
  180  9:36  Baneling x12  
  180  9:37  Hatchery, Baneling  
  180  9:38  Zergling x2  
  178  9:54  Viper x2  
  178  9:58  Zergling x22  
  178  9:59  Zergling x4  
  197  10:04  Zergling x2  
  197  10:05  Zergling x4  
  200  10:10  Zergling x4  
  199  10:19  Zergling x2  
  199  10:20  Zergling x16  
  200  10:22  Baneling x21  
  200  10:25  Overlord  
  200  10:30  Overlord  
  200  10:44  Baneling x9  
  197  10:58  Zergling x6  
  196  11:12  Ultralisk Cavern  
  196  11:16  Zerg Ground Armor Level 3  
  196  11:17  Zerg Melee Weapons Level 3  
  195  11:31  Zergling x10  
  199  11:54  Zergling x60  
  180  11:55  Zergling x2  
  180  11:57  Viper x3  
  180  12:00  Chitinous Plating  
  197  12:03  Zergling x4  
  199  12:19  Baneling x12  
  199  12:26  Extractor  
  199  12:30  Drone  
  193  12:56  Drone  
  193  12:57  Drone x8  
  200  13:04  Drone x3  
  198  13:07  Baneling x12  
  195  13:19  Drone x3  
  197  13:28  Hatchery  
  188  13:34  Ultralisk x2  
  188  13:40  Zergling x2  
  199  13:47  Spire  
  198  13:48  Adrenal Glands, Anabolic Synthesis  
  198  13:54  Extractor x2  
  198  13:55  Zergling x8, Spore Crawler  
  198  13:56  Spore Crawler  
  198  13:57  Spine Crawler  
  198  13:58  Zerg Missile Weapons Level 1, Spine Crawler, Spore Crawler  
  198  14:00  Spore Crawler  
  198  14:02  Spore Crawler, Baneling x6  
  193  14:03  Spine Crawler x2  
  191  14:11  Zergling x6  
  191  14:12  Zergling x10  
  199  14:23  Baneling x3  
  199  14:24  Baneling x14  
  199  14:31  Overlord  
  199  14:32  Overlord  
  182  14:48  Zergling x8  
  182  14:49  Zergling x6, Ultralisk  
  182  14:50  Zergling x10  
  195  15:13  Zergling x6  
  195  15:14  Zergling x22  
  195  15:24  Zergling x10  
  200  15:28  Greater Spire  
  200  15:32  Baneling x9  
  200  15:33  Baneling x24  
  200  15:40  Zergling x4  
  191  15:57  Zergling x20  
  193  16:10  Zergling x26  
  199  16:16  Zergling x18  
  199  16:17  Zergling x8  
  192  16:40  Zergling x2, Ultralisk x3  
  192  16:42  Overseer x4  
  171  17:02  Zergling x46  
  191  17:08  Viper x2  
  191  17:09  Viper  
  186  17:17  Zergling x2  
  186  17:18  Zergling x26  
  178  17:24  Hydralisk x4  
  178  17:25  Zergling x6  
  178  17:26  Baneling x12  
  187  17:34  Zergling x6  
  190  17:40  Zergling x18  
  191  17:54  Unknown  
  162  17:59  Zergling x38  
Show
View Real Time Build Order
Export as new Build Order

ExpecT Terran 

Build Orders: Hellion Opening, Reaper Expand 

Get SALT Encoding   

  12  0:00  SCV  
  13  0:12  SCV  
  14  0:17  Supply Depot  
  14  0:25  SCV  
  15  0:38  SCV  
  15  0:40  Barracks  
  16  0:44  Refinery  
  16  0:50  SCV  
  17  1:02  SCV  
  18  1:15  SCV  
  19  1:27  Reaper  
  19  1:28  Orbital Command  
  20  1:40  Command Center  
  20  1:53  Supply Depot  
  20  1:54  SCV  
  20  2:00  Marine  
  22  2:05  Factory  
  22  2:10  SCV  
  22  2:15  Refinery  
  23  2:22  Barracks Reactor  
  23  2:23  SCV  
  24  2:35  SCV  
  25  2:47  SCV  
  25  2:51  Starport  
  26  2:52  Orbital Command  
  26  3:03  SCV  
  26  3:04  Hellion x2  
  31  3:06  Barracks Tech Lab  
  31  3:15  SCV  
  31  3:18  SCV  
  31  3:19  Supply Depot  
  33  3:26  Hellion x2  
  37  3:28  Viking  
  37  3:31  SCV  
  37  3:33  SCV  
  41  3:46  Supply Depot  
  41  3:47  SCV x2, Hellion x2  
  47  3:58  Medivac  
  47  3:59  SCV  
  47  4:00  SCV  
  51  4:05  Armory  
  51  4:08  Hellion  
  53  4:12  SCV x2  
  53  4:15  Supply Depot  
  55  4:20  Hellion  
  57  4:24  SCV x2  
  57  4:30  Supply Depot  
  59  4:32  Liberator  
  59  4:37  SCV x2  
  64  4:41  Stimpack, Marine  
  65  4:51  SCV x2  
  65  4:52  Factory Tech Lab  
  66  4:57  Command Center  
  66  5:03  SCV x2  
  68  5:08  Marine  
  65  5:15  Barracks, Siege Tank  
  65  5:16  Barracks  
  65  5:19  SCV  
  65  5:20  SCV  
  70  5:23  Starport Reactor  
  70  5:26  Marine  
  70  5:27  Engineering Bay  
  70  5:28  Engineering Bay  
  71  5:32  Refinery  
  71  5:33  Refinery  
  71  5:42  SCV x2  
  73  5:43  Barracks  
  73  5:44  Marine, Barracks  
  74  5:53  Siege Tank  
  74  5:54  SCV x2  
  73  6:02  Marine  
  73  6:03  Terran Infantry Weapons Level 1  
  74  6:06  SCV x2  
  74  6:07  Starport Reactor  
  76  6:12  Terran Infantry Armor Level 1  
  76  6:13  Orbital Command  
  76  6:18  SCV x2, Marine x2  
  76  6:19  Marine  
  76  6:23  Marine x2  
  83  6:25  Siege Tank  
  83  6:29  Combat Shield  
  83  6:30  SCV  
  83  6:31  SCV  
  83  6:32  Orbital Command  
  88  6:33  Barracks Reactor  
  88  6:36  Marine x2  
  88  6:37  Marine  
  88  6:38  Supply Depot  
  91  6:41  Marine x2  
  91  6:42  Barracks Reactor  
  91  6:43  SCV x2  
  95  6:48  Medivac  
  97  6:54  Marine x2  
  97  6:55  SCV x2  
  97  7:00  SCV, Medivac, Marine x2  
  97  7:01  Supply Depot x2  
  106  7:06  Missile Turret, Marine  
  106  7:07  SCV x2  
  109  7:22  SCV, Medivac, Marine x5, Siege Tank  
  117  7:23  SCV x2  
  117  7:24  Marine x3  
  117  7:29  Supply Depot  
  125  7:31  Supply Depot  
  125  7:32  Marine  
  125  7:35  SCV x3  
  129  7:40  Marine x4  
  133  7:50  SCV x3, Medivac, Marine x2  
  140  7:53  Medivac  
  140  7:54  Siege Tank  
  140  7:55  Supply Depot  
  140  7:57  Supply Depot  
  142  8:02  Supply Depot, Bunker  
  142  8:05  Supply Depot x2  
  141  8:07  Marine  
  141  8:08  Bunker, Marine x2  
  141  8:11  Marine  
  141  8:12  Marine x4  
  149  8:20  Supply Depot  
  149  8:21  Marine  
  149  8:25  Medivac, Marine x2  
  149  8:26  Medivac, Marine, Siege Tank  
  153  8:28  Refinery  
  153  8:29  Marine  
  153  8:30  Refinery, Marine  
  153  8:37  Terran Infantry Weapons Level 2  
  153  8:39  Marine  
  153  8:40  Marine x3  
  153  8:41  Missile Turret  
  157  8:44  Marine x3  
  157  8:47  Marine  
  161  8:51  Factory  
  156  9:03  Supply Depot  
  156  9:05  Bunker  
  156  9:06  Supply Depot  
  156  9:07  Supply Depot, Terran Infantry Armor Level 2  
  156  9:08  Supply Depot  
  156  9:09  Supply Depot  
  156  9:15  Marine  
  157  9:18  Marine  
  157  9:23  Siege Tank  
  150  9:33  Marine x5  
  150  9:34  Marine x3  
  156  9:41  Factory Tech Lab  
  156  9:42  Command Center  
  156  9:46  Supply Depot, Marine  
  156  9:47  Supply Depot  
  156  9:51  Marine x2  
  159  9:58  Marine x6  
  165  10:04  Marine  
  166  10:08  Marine, Barracks  
  166  10:09  Marine  
  166  10:10  Siege Tank x2  
  166  10:11  Barracks x2  
  173  10:16  Marine x4  
  173  10:22  Supply Depot, Marine x3  
  173  10:24  Supply Depot, Bunker  
  173  10:25  Supply Depot  
  176  10:42  Marine x3  
  176  10:46  Marine x3  
  176  10:47  Siege Tank  
  176  10:48  Siege Tank  
  188  11:04  Marine x2  
  188  11:06  Barracks Tech Lab  
  188  11:07  Barracks Tech Lab x2  
  188  11:08  Terran Infantry Weapons Level 3  
  188  11:09  Marine  
  188  11:10  Marine  
  182  11:14  Marine x2  
  182  11:15  Marauder  
  186  11:18  Marine  
  186  11:19  Marine  
  186  11:20  Siege Tank x2  
  186  11:22  Marine x2  
  186  11:26  Marine  
  186  11:27  Terran Infantry Armor Level 3, Marauder x2, Marine x2  
  186  11:30  Medivac x2  
  186  11:32  Marine x2  
  199  11:38  Marine  
  198  11:44  Planetary Fortress, Ghost Academy  
  198  11:49  Marine x2  
  198  11:52  Siege Tank  
  180  11:56  Marine x2  
  180  11:57  Marauder  
  180  11:58  Siege Tank  
  180  12:00  Medivac x2  
  165  12:10  Terran Vehicle And Ship Armor Level 1  
  165  12:14  Missile Turret  
  165  12:17  Personal Cloaking  
  165  12:18  Marauder x2, Marine x4  
  173  12:24  Siege Tank  
  176  12:34  Refinery x2  
  176  12:35  Marine x2  
  176  12:36  Marauder, Marine x2  
  182  12:38  Sensor Tower  
  182  12:40  Medivac x2, Ghost  
  188  12:53  Command Center  
  184  13:01  Marine x2  
  184  13:02  Marauder  
  184  13:04  Ghost x2  
  191  13:09  Supply Depot  
  191  13:10  Supply Depot  
  187  13:13  Supply Depot  
  187  13:14  Siege Tank x2  
  187  13:18  SCV  
  187  13:19  SCV x2  
  194  13:32  SCV x3  
  190  13:43  Nuke  
  190  13:44  SCV  
  190  13:46  Supply Depot  
  190  13:47  SCV x2, Bunker  
  190  13:48  Supply Depot  
  193  13:49  Supply Depot  
  193  13:51  Ghost x2  
  193  13:52  Ghost  
  199  14:47  Siege Tank  
  198  15:10  Command Center  
  198  15:17  Medivac x2  
  198  15:20  Siege Tank x2  
  199  15:37  Factory, Barracks  
  199  15:40  Ghost  
  199  15:41  Barracks x2  
  199  15:55  Ghost x3  
  182  16:14  Ghost  
  182  16:15  Siege Tank  
  182  16:16  Siege Tank  
  173  16:23  Ghost x3  
  169  16:35  Sensor Tower  
  168  16:40  Barracks Tech Lab  
  168  16:41  Barracks Tech Lab  
  168  16:43  Ghost  
  165  16:48  Siege Tank  
  165  16:52  Ghost x3  
  169  16:59  Marauder, Marine x2  
  152  17:07  Medivac x2  
  156  17:09  Marine x2  
  156  17:10  Marauder  
  156  17:11  Orbital Command  
  156  17:13  Marauder, Marine x4  
  151  17:19  Marine x2  
  151  17:21  Marauder x3, Marine  
  137  17:23  Siege Tank  
  137  17:24  Factory Tech Lab  
  137  17:27  Marine x2  
  138  17:30  Ghost, Marine  
  138  17:34  Ghost  
  143  17:38  Ghost  
  143  17:40  Marine x2  
  143  17:41  Marine x2  
  143  17:42  Marauder x2  
Tags
 
Add a new tag
Caveats
  • Supply blocks, unpowered buildings, or Contaminate may cause inaccurate times.
  • Supply counts are checked every 10 seconds.